 Dungeon Crawl Stone Soup version 0.31.0-32-g396128a36d (webtiles) character file.

Game seed: 4933446627941386920

42460 PaiMei the Dealer of Despair (level 13, -4/111 HPs)
             Began as a Demonspawn Necromancer on Apr 10, 2024.
             Was an Elder of Kikubaaqudgha.
             Slain by an eight-headed hydra (12 damage)
             ... on level 4 of the Lair of Beasts.
             The game lasted 00:35:58 (23118 turns).

PaiMei the Dealer of Despair (DsNe)                Turns: 23118, Time: 00:35:58

Health: -4/111     AC: 28    Str:  9    XL:     13   Next: 85%
Magic:  13/27      EV: 16    Int: 19    God:    Kikubaaqudgha [****..]
Gold:   605        SH:  0    Dex: 15    Spells: 8/32 levels left

rFire   . . .        p - +6 mace (protect)
rCold   . . .        (no shield)
rNeg    . . .        O - +0 steam dragon scales
rPois   .            X - +2 helmet
rElec   .            n - +0 cloak
rCorr   .            t - +0 pair of gloves
SInv    .            (no boots)
Will    .....        o - amulet of regeneration
Stlth   ++           i - +4 ring of protection
HPRegen 1.18/turn    D - +4 ring of protection
MPRegen 0.20/turn

%: no passive effects
@: under a protective aura
A: claws 1, rugged brown scales 2, demonic guardian 1, demonic magic 1
a: Renounce Religion, Unearth Wretches


You were on level 4 of the Lair of Beasts.
You worshipped Kikubaaqudgha.
Kikubaaqudgha was greatly pleased with you.
You visited 3 branches of the dungeon, and saw 16 of its levels.
You also visited: Bailey.

You collected 675 gold pieces.
You spent 70 gold pieces at shops.

Inventory:

Hand Weapons
 p - a +6 mace of protection (weapon)
 G - a +4 spear of venom
 Z - the +6 rapier of Generosity {freeze, Int+2 Dex+4}
   (You found it on level 3 of the Lair of Beasts)

   Int+2:     It affects your intelligence (+2).
   Dex+4:     It affects your dexterity (+4).
Missiles
 a - a curare-tipped dart
 w - 10 poisoned darts (quivered)
 Y - 6 silver javelins
Armour
 n - a +0 cloak (worn)
 s - the +18 Lear's hauberk
   (You took it off a hobgoblin on level 2 of the Dungeon)
 t - a +0 pair of gloves (worn)
 O - +0 steam dragon scales (worn)
 T - a +4 scale mail of cold resistance
 X - a +2 helmet (worn)
Jewellery
 i - a +4 ring of protection (left hand)
 o - an amulet of regeneration (around neck)
 D - a +4 ring of protection (right hand)
 P - a ring of wizardry
 V - an amulet of guardian spirit
Wands
 k - a wand of charming (12)
 r - a wand of flame (55)
 y - a wand of mindburst (2)
 B - a wand of digging (10)
 N - a wand of polymorph (10)
 U - a wand of roots (5)
Scrolls
 d - 7 scrolls of identify
 f - 6 scrolls of teleportation
 g - 7 scrolls of enchant armour
 h - 4 scrolls of blinking {unknown}
 l - 2 scrolls of silence {unknown}
 q - a scroll of torment {unknown}
 v - a scroll of brand weapon {unknown}
 x - 3 scrolls of enchant weapon {unknown}
 H - a scroll of revelation {unknown}
 I - 2 scrolls of noise {unknown}
 J - a scroll of vulnerability {unknown}
 K - 2 scrolls of amnesia {unknown}
 L - a scroll of poison {unknown}
 M - a scroll of immolation {unknown}
 Q - 3 scrolls of acquirement
Potions
 b - 5 potions of magic
 c - 2 potions of heal wounds
 e - 4 potions of brilliance {unknown}
 j - 2 potions of degeneration {unknown}
 m - 2 potions of curing {unknown}
 u - 3 potions of invisibility {unknown}
 z - 2 potions of lignification {unknown}
 A - 3 potions of mutation {unknown}
 C - 3 potions of attraction {unknown}
 E - a potion of haste {unknown}
 F - 2 potions of resistance {unknown}
 R - a potion of cancellation {unknown}
 S - a potion of might {unknown}
 W - 2 potions of berserk rage {unknown}


   Skills:
 - Level 11.0 Fighting
 + Level 5.0 Armour
 - Level 9.0 Dodging
 - Level 2.0 Stealth
 + Level 10.4 Spellcasting
 + Level 12.8 Necromancy
 + Level 5.9 Earth Magic


You had 8 spell levels left.
You knew the following spells:

 Your Spells              Type           Power      Damage    Failure   Level
a - Necrotise             Necr           100%       1d9       1%          1
b - Vampiric Draining     Necr           56%        2d10      1%          3
c - Animate Dead          Necr           56%        N/A       1%          4
d - Curse of Agony        Necr           56%        N/A       1%          5
e - Sublimation of Blood  Necr           56%        N/A       1%          2
f - Borgnjor's Vile Clut  Necr/Erth      22%        N/A       4%          5
g - Martyr's Knell        Necr/Summ      34%        N/A       4%          4

Your spell library contained the following spells:

 Spells                   Type           Power      Damage    Failure   Level
 Fugue of the Fallen      Necr           56%        N/A       1%          3
 Passwall                 Erth           32%        N/A       1%          3
 Anguish                  Hex/Necr       17%        N/A       4%          4
 Death Channel            Necr           28%        N/A       5%          6
 Freeze                   Ice            36%        1d5       7%          1
 Magic Dart               Conj           36%        1d4       7%          1
 Sting                    Conj/Alch      36%        1d5       7%          1
 Blink                    Tloc           18%        N/A       11%         2
 Call Imp                 Summ           18%        N/A       11%         2
 Ensorcelled Hibernation  Hex/Ice        18%        N/A       11%         2
 Mercury Vapours          Alch/Air       18%        N/A       11%         2
 Lee's Rapid Deconstruct  Erth           16%        3d10*     17%         5
 Animate Armour           Summ/Erth      42%        N/A       21%         4
 Frozen Ramparts          Ice            18%        1d3       22%         3
 Mephitic Cloud           Conj/Alch/Air  9%         N/A       22%         3
 Swiftness                Air            9%         N/A       22%         3
 Olgreb's Toxic Radiance  Alch           9%         N/A       56%         4
 Summon Lightning Spire   Summ/Air       9%         N/A       56%         4
 Freezing Cloud           Conj/Ice/Air   4%         6-21      89%         5
 Sculpt Simulacrum        Ice/Alch       4%         N/A       100%        6
 Ozocubu's Refrigeration  Ice            4%         4d8       100%        7


Dungeon Overview and Level Annotations

Branches:
Dungeon (11/15)            Temple (1/1) D:4            Lair (4/5) D:9
  Swamp (0/4) Lair:3       Spider (0/4) Lair:3       Bailey (visited)
  Slime: Lair:4-5       Orc: D:9-12

Altars:
Ashenzari
Cheibriados
Dithmenos
Fedhas
Gozag
Hepliaklqana
Kikubaaqudgha
Makhleb
Nemelex Xobeh
Okawaru
Qazlal
Ru
Sif Muna
Trog
Uskayaw
Vehumet
Wu Jian
Xom
Yredelemnul

Shops:
D:6 ?   D:7 (*(!*

Annotations:
D:2 1 runed translucent door, Crazy Yiuf
D:4 2 transporters, imdaedric's ghost, amateur MiFi
D:6 3 runed translucent doors, Consumeair16's ghost, novice DrCj
D:10 1 runed translucent door, asasucksnuts's ghost, novice TrMo


Innate Abilities, Weirdness & Mutations

You have sharp fingernails.
You are mostly covered in rugged brown scales. (AC +2, +5% HP)
A weak demonic guardian rushes to your aid.
Spells you cast may paralyse adjacent enemies.


Message History

The eight-headed hydra bites you but does no damage.
The eight-headed hydra misses you.
The eight-headed hydra bites you but does no damage. x3
The eight-headed hydra barely misses you. x2
The eight-headed hydra completely misses you.
Your basilisk zombie bites the eight-headed hydra!
You hit the eight-headed hydra.
Your weapon exudes an aura of protection.
The eight-headed hydra convulses!
The eight-headed hydra is severely wounded.
You hear the slow rumble of a very distant avalanche of rocks.
The water moccasin barely misses you.
The eight-headed hydra closely misses you.
The eight-headed hydra bites you. The eight-headed hydra bites you!
A demonic guardian appears!
The eight-headed hydra bites you but does no damage.
The eight-headed hydra closely misses you.
The eight-headed hydra bites you! The eight-headed hydra misses you.
The eight-headed hydra barely misses you.
Your basilisk zombie bites the eight-headed hydra.
The water moccasin bites you but does no damage.
You barely miss the eight-headed hydra.
The eight-headed hydra is severely wounded.
The water moccasin bites you but does no damage.
The eight-headed hydra bites you but does no damage.
The eight-headed hydra misses you.
The eight-headed hydra closely misses you.
The eight-headed hydra bites you but does no damage. x5
Your basilisk zombie bites the eight-headed hydra!
The water moccasin bites you!
* * * LOW HITPOINT WARNING * * *
The eight-headed hydra completely misses you.
The eight-headed hydra bites you but does no damage. x2
The eight-headed hydra bites you!
* * * LOW HITPOINT WARNING * * *
The eight-headed hydra bites you!
* * * LOW HITPOINT WARNING * * *
The eight-headed hydra bites you!
You die...
Kikubaaqudgha rasps: "You have failed me!
Welcome... death!"

##.P..##
#P...#.
.....# ..
##...P# ...
#..... ....
#...# ##...#
#.[.###.....#
#...5ZS.?....
#....@Dl....#
#.....#.#...#
#...##### ..#
#...# . #...#
#...# #...#
#...# ##...#


You could see an eight-headed hydra (ally target, agonized), a komodo dragon, a
water moccasin (ally target), a friendly ufetubus (summoned) and a friendly
basilisk zombie.

Vanquished Creatures
  Kirke (Lair:3)
  An orc high priest (Bailey)
  A swamp dragon (Lair:3)
  A black mamba (Lair:1)
  4 cane toads
  2 kobold demonologists
  3 komodo dragons
  A rime drake (Lair:3)
  A troll (D:9)
  A hornet (D:10)
  3 polar bears
  5 blink frogs
  A shadow (D:9)
  Sigmund (D:2)
  3 wyverns
  2 hogs (Lair:3)
  34 yaks
  A steam dragon (D:9)
  A basilisk (Lair:4)
  5 water moccasins
  12 orc warriors
  2 black bears
  2 ogres
  3 wolves
  3 centaurs
  A phantom (D:4)
  2 kobold brigands (D:10)
  7 bullfrogs
  A gnoll sergeant (D:6)
  3 scorpions
  4 killer bees
  4 electric eels
  2 bombardier beetles
  8 orc priests
  5 hounds
  A gnoll bouda (D:9)
  10 iguanas
  2 hell rats (Lair:3)
  9 orc wizards
  Robin (D:2)
  11 gnolls
  9 adders
  2 shadow imps (D:7)
  2 ufetubi (D:6)
  A dart slug (D:3)
  A ribbon worm (D:5)
  42 orcs
  8 bats
  7 endoplasms
  3 giant cockroaches
  17 goblins
  13 hobgoblins
  4 jackals (D:1)
  15 kobolds
  4 quokkas
  8 ball pythons
  2 frilled lizards
  5 rats
308 creatures vanquished.

Vanquished Creatures (collateral kills)
  A black mamba (Lair:2)
  2 cane toads
  8 komodo dragons
  A polar bear (Lair:2)
  8 blink frogs
  A spriggan (Lair:2)
  5 yaks (Lair:3)
  A basilisk (Lair:2)
  A hog (Lair:3)
  A water moccasin (Lair:3)
  A black bear (Lair:2)
  6 wolves
  A centaur (Lair:2)
  2 electric eels
  4 iguanas (Lair:3)
  3 hell rats (Lair:3)
  An orc wizard (D:3)
  A gnoll (Bailey)
  2 orcs
  4 goblins
  4 hobgoblins
  2 ball pythons
  2 rats
62 creatures vanquished.

Vanquished Creatures (others)
  A cane toad zombie (Lair:2)
  A swamp dragon zombie (Lair:3)
  4 blink frog zombies (Lair:3)
  A komodo dragon zombie (Lair:3)
  2 wyvern zombies (Lair:3)
  A polar bear zombie (Lair:2)
  A black bear zombie (Lair:1)
  A hell rat zombie (Lair:3)
  2 gnoll zombies (Bailey)
  2 goblin zombies (Bailey)
  7 orc zombies (Bailey)
23 creatures vanquished.

Grand Total: 393 creatures vanquished

Notes
Turn   | Place    | Note
-------+----------+-------------------------------------------
     0 | D:1      | PaiMei the Demonspawn Necromancer began the quest for the
                  | Orb.
     0 | D:1      | Reached XP level 1. HP: 13/13 MP: 3/3
   103 | D:1      | Found a faded altar of an unknown god.
   184 | D:1      | Gained mutation: You have sharp fingernails. [demonic
                  | ancestry]
   184 | D:1      | Reached XP level 2. HP: 19/19 MP: 1/5
   970 | D:2      | Reached XP level 3. HP: 25/25 MP: 2/6
   981 | D:2      | Learned a level 3 spell: Vampiric Draining
  1255 | D:2      | Reached skill level 1 in Fighting
  1499 | D:2      | Noticed Robin
  1535 | D:2      | Gained mutation: Spells you cast may paralyse adjacent
                  | enemies. [demonic ancestry]
  1535 | D:2      | Reached XP level 4. HP: 20/32 MP: 1/7
  1964 | D:2      | Reached skill level 5 in Necromancy
  1990 | D:2      | Killed Robin
  2101 | D:2      | Noticed Sigmund
  2112 | D:2      | Killed Sigmund
  2113 | D:2      | Reached XP level 5. HP: 25/39 MP: 1/9
  2418 | D:2      | Reached XP level 6. HP: 46/46 MP: 8/10
  2553 | D:2      | Found a runed translucent door.
  2554 | D:2      | Noticed Crazy Yiuf
  3763 | D:4      | You fall into a shaft and drop 3 floors!
  3763 | D:7      | Found Houze's Assorted Antiques.
  3787 | D:7      | Reached skill level 6 in Necromancy
  3787 | D:7      | Reached XP level 7. HP: 52/52 MP: 0/12
  4080 | D:7      | Found Samp's Weapon Shoppe.
  4089 | D:7      | Found Sigetrit's Distillery.
  4116 | D:7      | Bought a potion of heal wounds for 70 gold pieces
  4156 | D:7      | Found Keri's Assorted Antiques.
  5460 | D:7      | Found Jeecik's Weapon Shoppe.
  5495 | D:7      | Gained mutation: You are partially covered in rugged brown
                  | scales. (AC +1, +3% HP) [demonic ancestry]
  5495 | D:7      | Reached XP level 8. HP: 54/61 MP: 7/14
  5684 | D:7      | Found an iron altar of Okawaru.
  5767 | D:6      | Reached skill level 7 in Necromancy
  5785 | D:6      | Found a runed translucent gate.
  5790 | D:6      | Found a runed translucent gate.
  5794 | D:6      | Noticed Consumeair16's ghost (novice DrCj)
  5811 | D:6      | Found a runed translucent gate.
  5931 | D:5      | Entered Level 5 of the Dungeon
  6188 | D:4      | Found a basalt altar of Yredelemnul.
  6291 | D:4      | Found a staircase to the Ecumenical Temple.
  6312 | Temple   | Entered the Ecumenical Temple
  6328 | Temple   | Learned a level 4 spell: Animate Dead
  6361 | D:4      | Found a bloodstained altar of Trog.
  6381 | D:4      | Reached skill level 5 in Dodging
  6381 | D:4      | Reached skill level 5 in Spellcasting
  6480 | D:4      | Reached skill level 5 in Fighting
  6552 | D:4      | Found a transporter.
  6553 | D:4      | Noticed imdaedric's ghost (amateur MiFi)
  6559 | D:4      | Found a transporter.
  7716 | D:5      | Found a sacrificial altar of Ru.
  7717 | D:5      | Found a snail-covered altar of Cheibriados.
  7720 | D:5      | Found an ancient bone altar of Kikubaaqudgha.
  7721 | D:5      | Found a radiant altar of Vehumet.
  7861 | D:5      | Became a worshipper of Kikubaaqudgha
  8116 | D:6      | Found Etre's Magic Scroll Shop.
  8295 | D:6      | Reached XP level 9. HP: 70/70 MP: 0/17
  9477 | D:8      | Reached skill level 8 in Necromancy
  9757 | D:8      | Learned a level 5 spell: Curse of Agony
 10479 | D:8      | Reached * piety under Kikubaaqudgha
 10479 | D:8      | Received a gift from Kikubaaqudgha
 11582 | D:9      | Reached skill level 9 in Necromancy
 12008 | D:8      | Gained mutation: A weak demonic guardian rushes to your
                  | aid. [demonic ancestry]
 12008 | D:8      | Reached XP level 10. HP: 81/81 MP: 7/20
 12398 | D:9      | Found a staircase to the Lair.
 12629 | D:9      | Noticed a lindwurm
 13007 | D:9      | Noticed a lindwurm
 13073 | D:9      | Noticed a lindwurm
 13342 | D:9      | Noticed a lindwurm
 14402 | D:10     | Entered Level 10 of the Dungeon
 14419 | D:10     | Reached skill level 10 in Necromancy
 14631 | D:10     | Reached ** piety under Kikubaaqudgha
 14645 | D:10     | Found a flagged portal.
 14668 | D:10     | Learned a level 2 spell: Sublimation of Blood
 14669 | Bailey   | Entered a bailey
 14992 | Bailey   | Noticed an orc high priest
 14994 | Bailey   | Noticed a rust devil
 15025 | Bailey   | Noticed a soul eater
 15038 | Bailey   | Killed an orc high priest
 15039 | Bailey   | Reached XP level 11. HP: 69/89 MP: 16/23
 15540 | Bailey   | Found an iron altar of Okawaru.
 15559 | Bailey   | Noticed a sun demon
 16107 | Bailey   | Got Patroa's Compilation of Graupel
 16490 | D:10     | Reached *** piety under Kikubaaqudgha
 16490 | D:10     | Received a gift from Kikubaaqudgha
 16614 | D:10     | Found a runed translucent door.
 17174 | D:10     | Noticed asasucksnuts's ghost (novice TrMo)
 17219 | D:10     | Learned a level 5 spell: Borgnjor's Vile Clutch
 17224 | D:10     | Learned a level 4 spell: Martyr's Knell
 17342 | D:11     | Noticed a boulder beetle
 17412 | Lair:1   | Entered Level 1 of the Lair of Beasts
 18349 | Lair:1   | Reached skill level 11 in Necromancy
 18902 | Lair:2   | Found a sparkling altar of Nemelex Xobeh.
 19722 | Lair:2   | Reached skill level 1 in Armour
 20035 | Lair:2   | Gained mutation: You are mostly covered in rugged brown
                  | scales. (AC +2, +5% HP) [demonic ancestry]
 20035 | Lair:2   | Reached XP level 12. HP: 84/101 MP: 0/25
 20353 | Lair:2   | Reached skill level 10 in Fighting
 20850 | Lair:3   | Noticed Kirke
 21025 | Lair:3   | Identified the +6 rapier of Generosity {freeze, Int+2
                  | Dex+4}
 21075 | Lair:3   | Reached **** piety under Kikubaaqudgha
 21079 | Lair:3   | Reached skill level 12 in Necromancy
 21543 | Lair:3   | Reached skill level 10 in Spellcasting
 21562 | Lair:3   | Found a staircase to the Swamp.
 22125 | Lair:3   | Found a hole to the Spider Nest.
 22596 | Lair:3   | Killed Kirke
 22597 | Lair:3   | Reached skill level 5 in Armour
 23092 | Lair:4   | Reached skill level 5 in Earth Magic
 23092 | Lair:4   | Reached XP level 13. HP: 111/111 MP: 27/27
 23118 | Lair:4   | Slain by an eight-headed hydra

Illustrated notes

Levels and vault maps discovered:
D:1:      dpeg_arrival_arbitrary_c, layout_basic, ebering_ecumenical_altar_hall,
          hangedman_glass_teeth, minivault_25
D:2:      layout_loops_ring, uniq_robin, uniq_sigmund, uniq_crazy_yiuf_cottage
D:3:      layout_loops_cross
D:4:      layout_basic, kennysheep_little_box, lightli_temple_of_fire,
          minmay_temple_entry_butterflies, gammafunk_ghost_smash
D:5:      layout_loops_ring, minitemple, minmay_stone_trees_small
D:6:      layout_rooms, serial_shops, nicolae_shop_real_fake_doors,
          biasface_ghost_orc_armoury, bh_walls_and_bars
D:7:      layout_cave_pods, lemuel_coloured_pillars_altar, serial_shops, shop,
          shop, shop, nicolae_shop_bloodbath_and_beyond, shop
D:8:      layout_cave_pods
D:9:      layout_long_grid, lair_entry_dummy, nrook_mini_backslash,
          minmay_misc_feat_rugged, minmay_lindwurm_lava
D:10:     layout_roguey, enter_bailey_3, gammafunk_ghost_grave
D:11:     layout_roguey, orc_0_dummy, serial_shops, shop,
          portal_ice_cave_entry_ice_simulacra, uniq_grum
Temple:   hellmonk_temple_of_storms
Lair:1:   wad_woods_04, layout_big_grid, serial_bayou, serial_bayou_pond_c,
          serial_bayou_shore_a, serial_bayou_pond_c, serial_bayou_pond_e,
          infiniplex_staircase_pool_2
Lair:2:   layout_hall_layers, basic_altar, forest_entry_grove, lemuel_fruit_tree
Lair:3:   beast_lair_carwin_large_4, layout_chaotic_city,
          minmay_swamp_entry_reptiles, spider_nest_entry_web_field,
          minivault_19, uniq_kirke
Lair:4:   layout_concentric_octagons, minmay_slime_entry_pillars,
          nicolae_volcano_entry_lava_flow, bobbens_ice_dragon_lair

Skill      XL: |  1  2  3  4  5  6  7  8  9 10 11 12 |
---------------+-------------------------------------+-----
Dodging        | 2 3 4 5 6 8 9 |  9.0
Stealth        | 2 |  2.0
Fighting       | 1 2 3 4 5 7 8 9 11 | 11.0
Necromancy     | 5 6 7 9 10 11 12 | 12.8
Spellcasting   | 3 4 5 6 8 9 10 | 10.4
Armour         | 2 5 |  5.0
Earth Magic    | 5 |  5.9

Action                     |  1- 3 |  4- 6 |  7- 9 | 10-12 | 13-15 || total
---------------------------+-------+-------+-------+-------+-------++-------
  Melee: Mace              |    14 |    34 |   166 |   278 |     3 ||   495
         Punch             |       |       |     2 |     4 |       ||     6
         Rapier            |       |       |       |    71 |       ||    71
         Unarmed           |       |       |       |     1 |       ||     1
   Cast: Necrotise         |    57 |    94 |   144 |   145 |       ||   440
         Vampiric Draining |       |     4 |    73 |   178 |       ||   255
         Animate Dead      |       |       |       |    12 |       ||    12
         Curse of Agony    |       |       |       |    20 |     3 ||    23
  Evoke: Wand              |       |       |       |     5 |       ||     5
    Use: Potion            |       |       |     2 |     1 |       ||     3
         Scroll            |       |       |     2 |       |       ||     2
   Stab: Paralysed         |       |     6 |    30 |   113 |       ||   149
         Sleeping          |       |       |     1 |       |       ||     1
         Distracted        |       |       |       |     1 |       ||     1
 Armour: Robe              |    30 |    43 |   236 |    19 |       ||   328
         Steam dragon scal |       |       |       |   328 |    47 ||   375
         Skin              |       |       |       |     2 |       ||     2
  Dodge: Dodged            |    46 |    36 |   200 |   414 |    23 ||   719
